 Dungeon Crawl Stone Soup version 0.28.0-45-g0d030f2227 (webtiles) character file.

Game seed: 8948681901704632218

54 OrbIsHorse the Skirmisher (level 3, -5/34 HPs)
             Began as a Minotaur Abyssal Knight on Apr 11, 2022.
             Was a Follower of Lugonu.
             Slain by Duvessa
             ... wielding a +0 rapier
              (15 damage)
             ... on level 4 of the Dungeon.
             The game lasted 00:09:24 (1246 turns).

OrbIsHorse the Skirmisher (Minotaur Abyssal Knight) Turns: 1246, Time: 00:09:25

Health: -5/34      AC:  3    Str: 19    XL:     3   Next: 66%
Magic:  3/3        EV: 11    Int:  7    God:    Lugonu [*.....]
Gold:   40         SH:  0    Dex: 10    Spells: 1/2 levels left

rFire   . . .      SeeInvis .   a - +1 hand axe
rCold   + . .      Faith    .   (no shield)
rNeg    . . .      Spirit   .   b - +0 leather armour
rPois   .          Reflect  .   (helmet restricted)
rElec   .          Harm     .   (no cloak)
rCorr   .          Rampage  .   (no gloves)
Will    .....                   (no boots)
Stlth   +.........              g - amulet of magic regeneration
HPRegen 0.11/turn               i - ring of protection from cold
MPRegen 0.48/turn               (no ring)

@: about to teleport
A: horns 2, retaliatory headbutt
a: Renounce Religion, Depart the Abyss


You were on level 4 of the Dungeon.
You worshipped Lugonu.
Lugonu was aware of your devotion.
You visited 1 branch of the dungeon, and saw 4 of its levels.
You visited the Abyss 1 time.

You collected 40 gold pieces.

Inventory:

Hand Weapons
 a - a +1 hand axe (weapon)
 d - a +0 club
 l - a +0 club
Missiles
 h - 62 stones (quivered)
 p - a javelin
 q - 19 bolts
Armour
 b - a +0 leather armour (worn)
 n - a +0 robe
Jewellery
 g - an amulet of magic regeneration (around neck)
 i - a ring of protection from cold (left hand)
Scrolls
 e - a scroll of vulnerability {unknown}
 f - 2 scrolls of teleportation
 k - a scroll of identify {unknown}
 o - a scroll of enchant armour {unknown}
Potions
 c - a potion of mutation {unknown}
 j - a potion of brilliance {unknown}
 m - a potion of magic {unknown}


   Skills:
 + Level 4.4 Fighting
 + Level 3.1 Axes
 + Level 0.2 Throwing
 + Level 2.9 Armour
 + Level 1.3 Dodging
 + Level 0.1 Stealth
 + Level 0.2 Spellcasting
 + Level 2.1 Invocations


You had one spell level left.
You knew the following spells:

 Your Spells              Type           Power      Damage    Failure   Level
a - Animate Skeleton      Necr           0%         N/A       47%         1

Your spell library contained the following spells:

 Spells                   Type           Power      Damage    Failure   Level
 Pain                     Necr           0%         1d4       47%         1
 Shock                    Conj/Air       0%         1d3       50%         1
 Vampiric Draining        Necr           0%         2d6       85%         3
 Chain Lightning          Conj/Air       0%         N/A       100%        9
 Fire Storm               Conj/Fire      0%         5d1       100%        9
 Shatter                  Erth           0%         3d5*      100%        9


Dungeon Overview and Level Annotations

Branches:
Dungeon (4/15)
 Temple: D:4-7

Altars:

Annotations:
D:4 Dowan, Duvessa


Innate Abilities, Weirdness & Mutations

You have a pair of horns on your head.
You reflexively headbutt those who attack you in melee.


Message History

Throw: 64 stones
Press: ? - help, Q - select action, (/) - cycle Shift-Dir - straight line, f - Duvessa
Aim: Duvessa, wielding a +0 rapier and wearing a +0 leather armour (61% to hit)
You throw a stone.
The stone hits Duvessa but does no damage.
Throw: 63 stones
Press: ? - help, Q - select action, (/) - cycle Shift-Dir - straight line, f/p - Duvessa
Aim: Duvessa, wielding a +0 rapier and wearing a +0 leather armour (61% to hit)
You throw a stone.
The stone hits Duvessa but does no damage.
Duvessa closely misses you.
Dowan mumbles some strange words.
Dowan blinks!
Memorise Pain, consuming 1 spell level and leaving 0? [Y]es or [N]o only, please.
Memorise Pain, consuming 1 spell level and leaving 0?
Duvessa closely misses you.
You start memorising the spell.
You continue memorising.
Duvessa hits you with a +0 rapier!
Your memorisation is interrupted.
Dowan gestures wildly while chanting.
Dowan blinks!
Unknown command.
Casting: Animate Skeleton (safe; 47% risk of failure)
Confirm with . or Enter, or press ? or * to list all spells.
You don't know that spell.
Casting: Animate Skeleton (safe; 47% risk of failure)
Confirm with . or Enter, or press ? or * to list all spells.
Okay, then.
You closely miss Duvessa. Duvessa hits you with a +0 rapier!
You hit Duvessa.
Duvessa is lightly wounded.
Duvessa hits you with a +0 rapier.
You hit Duvessa.
Duvessa is lightly wounded.
Duvessa hits you with a +0 rapier.
* * * LOW HITPOINT WARNING * * *
You can't go down here!
As you read the scroll of teleportation, it crumbles to dust.
You feel strangely unstable. Duvessa hits you with a +0 rapier!
You die...

#######..
#@.......
#e#####..
#.( #.#.
#.#.# #.#
e #.# ##
#..


You could see Duvessa and Dowan.

Vanquished Creatures
  Jessica (D:3)
  A dart slug (D:1)
  An orc (D:3)
  A bat (D:1)
  An endoplasm (D:1)
  2 giant cockroaches
  4 hobgoblins (D:1)
  3 jackals (D:2)
  A kobold (D:2)
  3 quokkas
  A ball python (D:3)
  A frilled lizard (D:1)
  A rat (D:3)
21 creatures vanquished.

Vanquished Creatures (collateral kills)
  A rat (D:3)
1 creature vanquished.

Vanquished Creatures (others)
  2 fungi (D:3)
  A plant (D:3)
3 creatures vanquished.

Grand Total: 25 creatures vanquished

Notes
Turn   | Place    | Note
-------+----------+-------------------------------------------
     0 | Abyss:1  | OrbIsHorse the Minotaur Abyssal Knight began the quest for
                  | the Orb.
     0 | Abyss:1  | Reached XP level 1. HP: 19/19 MP: 1/1
     1 | D:1      | Escaped the Abyss
   251 | D:1      | Reached skill level 4 in Fighting
   347 | D:1      | Reached XP level 2. HP: 27/27 MP: 2/2
   397 | D:1      | Learned a level 1 spell: Animate Skeleton
   809 | D:2      | Reached * piety under Lugonu
   896 | D:3      | Noticed Jessica
   904 | D:3      | Killed Jessica
   905 | D:3      | Reached XP level 3. HP: 17/34 MP: 3/3
  1136 | D:3      | Found a faded altar of an unknown god.
  1151 | D:3      | Got Plato's Incunabulum of Confrontation
  1238 | D:4      | Noticed Duvessa
  1238 | D:4      | Noticed Dowan
  1246 | D:4      | Slain by Duvessa

Illustrated notes

Levels and vault maps discovered:
D:1:      minmay_arrival_plants_in_alcoves, layout_rooms
D:2:      layout_basic, basic_altar, chequers_serial_rivers_marsh, minivault_5
D:3:      layout_rooms, shapermc_ecumenical_altar_rom_forum,
          chequers_serial_rivers_room_b, grunt_decor_cap, uniq_jessica
D:4:      layout_basic, general_overflow_altar, nicolae_ossuary_entry_ruins,
          amethyst_killhole, serial_bayou_pond_c, uniq_duvessa

Skill      XL: |  1  2 |
---------------+-------+-----
Fighting       | 4 |  4.4
Axes           | 3 |  3.1
Invocations    | 2 |  2.1
Throwing       | |  0.2
Armour         | |  2.9
Dodging        | |  1.3
Stealth        | |  0.1
Spellcasting   | |  0.2

Action                   || total
-------------------------++-------
Melee: Hand axe          ||    37
       Headbutt          ||     9
       Punch             ||     1
Throw: Javelin           ||     9
       Stone             ||     4
 Cast: Animate Skeleton  ||     3
Invok: Depart the Abyss  ||     1
  Use: Scroll            ||     2
Armor: Leather armour    ||    11
Dodge: Dodged            ||    25
